 Dungeon Crawl Stone Soup version 0.26-a0-291-g3d11bbfad5 (webtiles) character file.

Game seed: 17046016856572170470

62 ANON1729 the Cudgeler (level 3, -1/35 HPs)
             Began as a Troll Gladiator on July 14, 2020.
             Slain by Grinder (4 damage)
             ... on level 3 of the Dungeon.
             The game lasted 00:01:41 (1734 turns).

ANON1729 the Cudgeler (Troll Gladiator)             Turns: 1734, Time: 00:01:42

Health: -1/35      AC:  6    Str: 23    XL:     3   Next: 85%
Magic:  2/2        EV: 10    Int:  4    God:
Gold:   138        SH:  0    Dex: 11    Spells: 2/2 levels left

rFire    . . .     SeeInvis .   a - +0 flail
rCold    . . .     Faith    .   (no shield)
rNeg     . . .     Spirit   .   b - +0 robe
rPois    .         Reflect  .   c - +0 hat
rElec    .         Harm     .   (no cloak)
rCorr    .                      (gloves unavailable)
MR       .....                  (boots unavailable)
Stlth    +.........             (no amulet)
HPRegen  0.51/turn              (no ring)
MPRegen  0.08/turn              (no ring)

@: no status effects
A: large, unfitting armour, claws 3, regeneration 1, shaggy fur 1, tough skin 3
a: no special abilities


You were on level 3 of the Dungeon.
You visited 1 branch of the dungeon, and saw 3 of its levels.

You collected 138 gold pieces.

Inventory:

Hand Weapons
 a - a +0 flail (weapon)
Missiles
 d - 3 throwing nets (quivered)
Armour
 b - a +0 robe (worn)
 c - a +0 hat (worn)
Jewellery
 f - an uncursed ring of protection from magic {unknown}
 s - an uncursed amulet of regeneration {unknown}
Wands
 j - a wand of clouds (4)
 o - a wand of disintegration (11)
Scrolls
 g - a scroll of identify {unknown}
 h - 3 scrolls of remove curse {unknown}
 k - a scroll of immolation {unknown}
 l - a scroll of blinking {unknown}
 m - 4 scrolls of teleportation {unknown}
 q - a scroll of amnesia {unknown}
 r - a scroll of random uselessness {unknown}
Potions
 e - a potion of stabbing {unknown}
 i - 2 potions of curing
 n - a potion of flight {unknown}
 p - a potion of might {unknown}


   Skills:
 + Level 2.2 Fighting
 * Level 3.2 Maces & Flails
 - Level 2.1 Throwing
 + Level 0.4 Armour
 + Level 2.8 Dodging


You had 2 spell levels left.
You didn't know any spells.
Your spell library was empty.

Dungeon Overview and Level Annotations

Branches:
Dungeon (3/15)

Altars:
Cheibriados
Elyvilon

Annotations:
D:3 Grinder


Innate Abilities, Weirdness & Mutations

You are too large for most types of armour.
You have claws for hands.
Your natural rate of healing is unusually fast.
You are covered in fur. (AC +1)
You have extremely tough skin. (AC +3)


Message History

Grinder hits you.
You writhe in agony.
* * * LOW HITPOINT WARNING * * *
You barely miss Grinder.
Grinder is heavily wounded.
Grinder hits you but does no damage. Grinder hits you.
* * * LOW HITPOINT WARNING * * *
You writhe in agony.
* * * LOW HITPOINT WARNING * * *
It was a potion of curing.
You feel better. Grinder gestures at you. You resist with significant effort.
You closely miss Grinder.
Grinder is heavily wounded.
Grinder barely misses you.
You hit Grinder but do no damage.
Grinder is heavily wounded.
Grinder hits you!
* * * LOW HITPOINT WARNING * * *
You writhe in agony.
You die...

.......# ... .......# ..
.......# +#.....# .......#
#......# ♣♣♣ #......###♣♣
♣♣♣.♣♣♣ ##.........♣♣
♣♣.....♣♣
#..........♣♣♣5@.....♣♣
#.....≈≈≈...♣...≈≈≈...♣
#....≈≈≈≈≈.....≈≈≈≈≈.....≈
[.†...≈≈♣≈≈.....≈≈_≈≈.$...≈
...#..≈≈≈≈≈.....≈≈≈≈≈.....≈
.......≈≈≈...♣...≈≈≈...♣...
..#.#.......♣♣♣.......♣♣♣..
..#..#.....♣♣ ♣♣.....♣♣ ♣.
.. #.#....♣ ♣♣♣.♣♣♣


You could see Grinder.

Vanquished Creatures
  2 adders (D:2)
  2 dart slugs
  A leopard gecko (D:2)
  6 bats
  3 giant cockroaches
  6 goblins
  4 hobgoblins (D:1)
  A quokka (D:2)
  2 frilled lizards
  7 kobolds
  3 rats
37 creatures vanquished.

Notes
Turn   | Place    | Note
-------+----------+-------------------------------------------
     0 | D:1      | ANON1729 the Troll Gladiator began the quest for the Orb.
     0 | D:1      | Reached XP level 1. HP: 19/19 MP: 0/0
   225 | D:1      | Reached XP level 2. HP: 28/28 MP: 1/1
  1094 | D:2      | Found a snail-covered altar of Cheibriados.
  1099 | D:2      | Reached skill level 3 in Maces & Flails
  1156 | D:2      | Reached XP level 3. HP: 31/35 MP: 2/2
  1710 | D:3      | Found a white marble altar of Elyvilon.
  1715 | D:3      | Noticed Grinder
  1731 | D:3      | HP: 1/35 [Grinder (5)]
  1734 | D:3      | Slain by Grinder

Illustrated notes

Levels and vault maps discovered:
D:1:      kilobyte_arrival_exit_the_forest, layout_basic
D:2:      layout_loops_cross, old_standard_altar, serial_bayou_crossing
D:3:      layout_basic, yredelemnul_altar_generic,
          chequers_ecumenical_altar_simple_redux, elyvilon_altar_3,
          uniq_grinder, uniq_sigmund

Skill      XL: |  1  2 |
---------------+-------+-----
Throwing       | 2 |  2.1
Fighting       | 2 |  2.2
Maces & Flails | 3 |  3.2
Armour         | |  0.4
Dodging        | |  2.8

Action                   || total
-------------------------++-------
Melee: Flail             ||   124
  Use: Potion            ||     1
 Stab: Sleeping          ||     2
Armor: Robe              ||    62
Dodge: Dodged            ||    80

Table legend:
 A = Non-vault XP
 B = Vault XP
 C = Vault XP percentage of total XP
 D = Non-vault monster count
 E = Vault monster count
 F = Vault count percentage of total count
                 A         B        C        D         E       F
            +---------+---------+-------+---------+---------+-------
      Total |      89 |       0 |   0.0 |      37 |       0 |   0.0
            +---------+---------+-------+---------+---------+-------
        D:1 |      31 |       0 |   0.0 |      17 |       0 |   0.0
        D:2 |      56 |       0 |   0.0 |      18 |       0 |   0.0
        D:3 |       2 |       0 |   0.0 |       2 |       0 |   0.0
            +---------+---------+-------+---------+---------+-------
